 Dungeon Crawl Stone Soup version 0.27.1-34-g3ba077fa99 (webtiles) character file.

Game seed: 2082472758323574164

71 chmiii the Chopper (level 4, -2/42 HPs)
             Began as a Troll Gladiator on Jan 28, 2022.
             Slain by Sigmund (9 damage)
             ... on level 2 of the Dungeon.
             The game lasted 00:04:58 (1107 turns).

chmiii the Chopper (Troll Gladiator)                Turns: 1107, Time: 00:04:59

Health: -2/42      AC:  4    Str: 23    XL:     4   Next: 5%
Magic:  3/3        EV: 10    Int:  4    God:
Gold:   74         SH:  0    Dex: 11    Spells: 3/3 levels left

rFire    . . .     SeeInvis .   a - +0 war axe
rCold    . . .     Faith    .   (no shield)
rNeg     . . .     Spirit   .   b - +0 robe
rPois    .         Reflect  .   c - +0 hat
rElec    .         Harm     .   (no cloak)
rCorr    .         Rampage  .   (gloves unavailable)
Will     +....                  (boots unavailable)
Stlth    +.........             (no amulet)
HPRegen  1.14/turn              l - ring of willpower
MPRegen  0.08/turn              (no ring)

@: no status effects
A: large, unfitting armour, claws 3, regeneration 1, shaggy fur 1, tough skin 1
a: no special abilities


You were on level 2 of the Dungeon.
You visited 1 branch of the dungeon, and saw 2 of its levels.

You collected 74 gold pieces.

Inventory:

Hand Weapons
 a - a +0 war axe (weapon)
Missiles
 d - 3 throwing nets (quivered)
 f - 3 atropa-tipped darts
 n - 31 sling bullets
Armour
 b - a +0 robe (worn)
 c - a +0 hat (worn)
Jewellery
 l - a ring of willpower (left claw)
Scrolls
 g - 2 scrolls of identify {unknown}
 i - a scroll of teleportation {unknown}
 k - a scroll of holy word {unknown}
 o - a scroll of magic mapping {unknown}
Potions
 e - 2 potions of might {unknown}
 h - 2 potions of magic {unknown}
 j - a potion of haste {unknown}
 m - a potion of heal wounds {unknown}


   Skills:
 + Level 2.1 Fighting
 * Level 3.3 Axes
 + Level 2.5 Throwing
 - Level 2.4 Dodging


You had 3 spell levels left.
You didn't know any spells.
Your spell library contained the following spells:

 Spells                   Type           Power      Damage    Failure   Level
 Foxfire                  Conj/Fire      0%         2x1d4     50%         1
 Conjure Flame            Conj/Fire      0%         6-21      86%         3
 Gell's Gravitas          Tloc           0%         N/A       86%         3
 Inner Flame              Hex/Fire       0%         N/A       86%         3
 Lesser Beckoning         Tloc           0%         N/A       86%         3
 Teleport Other           Tloc           0%         N/A       86%         3


Dungeon Overview and Level Annotations

Branches:
Dungeon (2/15)

Altars:

Annotations:
D:2 Sigmund


Innate Abilities, Weirdness & Mutations

You are too large for most types of armour.
You have claws for hands.
Your natural rate of healing is unusually fast.
You are covered in fur. (AC +1)
You have tough skin. (AC +1)


Message History

You are too confused!
You are too confused!
You are too confused!
You are too confused!
You are too confused!
You are too confused!
You are too confused!
You are too confused!
You are too confused!
You are too confused!
You are too confused!
You are too confused!
You are too confused!
You are too confused!
You are too confused!
You are too confused!
You are too confused!
You are too confused!
You are too confused!
You are too confused!
You are too confused!
You closely miss Sigmund.
Sigmund is severely wounded.
Sigmund mumbles some strange words.
Sigmund flickers and vanishes!
Deactivating autopickup; reactivate with Ctrl-A.
Something hits you!
You closely miss something.
You hear some strange, mumbled words.
A magic dart appears from out of thin air!
The magic dart hits you. Something hits you.
You bump into the rock wall.
Something hits you!
You bump into the rock wall.
Something hits you!
* * * LOW HITPOINT WARNING * * *
You bump into the rock wall.
You feel less confused.
You closely miss something. Something hits you.
* * * LOW HITPOINT WARNING * * *
You closely miss something. Something hits you!
You die...

#.#.#.###..## ##.#
..###...#..# #.#
###.###.#..## ##.#
............# ##.##
#######....#.###.##
#######...##
##...######
#....{....#
##.#@####.# #..##
#.# #. #### ..
###.. ## ....####
.......## ##......#


There were no monsters in sight!

Vanquished Creatures
  A gnoll (D:1)
  2 adders (D:2)
  6 ball pythons
  5 endoplasms
  4 giant cockroaches
  4 goblins
  4 hobgoblins
  2 jackals (D:1)
  3 quokkas
  4 bats
  A frilled lizard (D:1)
  2 kobolds (D:1)
  4 rats
42 creatures vanquished.

Notes
Turn   | Place    | Note
-------+----------+-------------------------------------------
     0 | D:1      | chmiii the Troll Gladiator began the quest for the Orb.
     0 | D:1      | Reached XP level 1. HP: 19/19 MP: 0/0
   234 | D:1      | Reached XP level 2. HP: 27/28 MP: 1/1
   621 | D:1      | Reached skill level 3 in Axes
   633 | D:1      | Reached XP level 3. HP: 31/35 MP: 2/2
  1034 | D:2      | Reached XP level 4. HP: 42/42 MP: 3/3
  1086 | D:2      | Noticed Sigmund
  1107 | D:2      | Slain by Sigmund

Illustrated notes

Levels and vault maps discovered:
D:1:      amcnicky_arrival_choice, layout_loops_ring, columned_hall_lemuel
D:2:      layout_loops_ring, grunt_ministairs_1, minmay_strange_pillars,
          minmay_indecisive_spiral, uniq_sigmund

Skill      XL: |  1  2 |
---------------+-------+-----
Throwing       | 2 |  2.5
Axes           | 3 |  3.3
Fighting       | 2 |  2.1
Dodging        | |  2.4

Action                   |  1- 3 |  4- 6 || total
-------------------------+-------+-------++-------
Melee: War axe           |   105 |    20 ||   125
Armor: Robe              |    42 |     3 ||    45
Dodge: Dodged            |    65 |    13 ||    78
